 Dungeon Crawl Stone Soup version 0.28.0-1-gb440e238dd (webtiles) character file.

Game seed: 17507126824714855775

84 Peloso the Shield-Bearer (level 4, -2/40 HPs)
             Began as a Minotaur Fighter on Feb 21, 2022.
             Slain by a gnoll (9 damage)
             ... on level 2 of the Dungeon.
             The game lasted 00:03:09 (2190 turns).

Peloso the Shield-Bearer (Minotaur Fighter)         Turns: 2190, Time: 00:03:10

Health: -2/40      AC: 11    Str: 21    XL:     4   Next: 23%
Magic:  3/3        EV:  6    Int:  5    God:
Gold:   111        SH:  5    Dex: 11    Spells: 3/3 levels left

rFire   . . .      SeeInvis .   a - +0 long sword
rCold   . . .      Faith    .   c - +0 buckler
rNeg    . . .      Spirit   .   o - +0 plate armour
rPois   .          Reflect  .   (helmet restricted)
rElec   .          Harm     .   (no cloak)
rCorr   .          Rampage  .   (no gloves)
Will    .....                   (no boots)
Stlth   ..........              (no amulet)
HPRegen 0.13/turn               (no ring)
MPRegen 0.08/turn               (no ring)

@: mighty
A: horns 2, retaliatory headbutt
a: no special abilities


You were on level 2 of the Dungeon.
You visited 1 branch of the dungeon, and saw 2 of its levels.

You collected 111 gold pieces.

Inventory:

Hand Weapons
 a - a +0 long sword (weapon)
Armour
 b - a +0 scale mail
 c - a +0 buckler (worn)
 o - a +0 plate armour (worn)
Jewellery
 i - an amulet of the acrobat
 m - a ring of wizardry
Wands
 l - a wand of flame (30)
Scrolls
 g - 5 scrolls of teleportation {unknown}
 j - 5 scrolls of identify {unknown}
 k - a scroll of fog {unknown}
 n - 2 scrolls of enchant weapon {unknown}
 p - a scroll of enchant armour {unknown}
Potions
 e - a potion of heal wounds {unknown}
 f - a potion of berserk rage {unknown}
 h - a potion of mutation {unknown}


   Skills:
 + Level 4.1 Fighting
 + Level 3.7 Long Blades
 + Level 4.2 Armour
 + Level 0.2 Dodging
 + Level 0.1 Stealth
 + Level 4.4 Shields


You had 3 spell levels left.
You didn't know any spells.
Your spell library contained the following spells:

 Spells                   Type           Power      Damage    Failure   Level
 Scorch                   Fire           0%         2d5       100%        2
 Call Canine Familiar     Summ           0%         N/A       100%        3
 Flame Wave               Conj/Fire      0%         2d4       100%        4
 Lightning Bolt           Conj/Air       0%         1d11      100%        5
 Summon Mana Viper        Hex/Summ       0%         N/A       100%        5
 Conjure Ball Lightning   Conj/Air       0%         3x3d6     100%        6
 Summon Cactus Giant      Summ           0%         N/A       100%        6


Dungeon Overview and Level Annotations

Branches:
Dungeon (2/15)

Altars:
Ashenzari


Innate Abilities, Weirdness & Mutations

You have a pair of horns on your head.
You reflexively headbutt those who attack you in melee.


Message History

You now have 100 gold pieces (gained 14).
A rat comes into view.
A rat is nearby!
A rat is nearby!
A rat is nearby!
The rat bites you but does no damage.
You hit the rat.
You kill the rat!
Found a stone staircase leading down.
There is a stone staircase leading down here.
l - a wand of flame (30) (gained 6 charges)
Found 16 arrows.
You now have 111 gold pieces (gained 11).
You see here 16 arrows.
j - 5 scrolls labelled UHE XYTUARPHE (gained 2)
Found a stone staircase leading up.
There is a stone staircase leading up here. 2 gnolls come into view.
The gnoll shouts! x2
A gnoll comes into view. It is wielding a +0 whip.
The gnoll moves out of view.
A gnoll comes into view. It is wielding a +0 vorpal spear.
The gnoll moves out of view.
The gnoll hits you from afar with a +0 halberd.
The gnoll hits you with a +0 halberd.
You barely miss the gnoll. Your headbutt misses the gnoll.
You block the gnoll's attack.
The gnoll shouts!
You slash the gnoll! Your headbutt misses the gnoll.
The gnoll is heavily wounded.
The gnoll hits you with a +0 halberd. The gnoll hits you with a +0 whip!
A kobold comes into view. It is wielding a +0 short sword.
The gnoll hits you with a +0 halberd!
* * * LOW HITPOINT WARNING * * *
The gnoll hits you with a +0 whip.
* * * LOW HITPOINT WARNING * * *
You feel very mighty all of a sudden.
The kobold shouts!
The gnoll hits you with a +0 halberd!
You die...

. ##.## #.# g #.##...## #.#
# .g###.#.....## #.# ##
.............# ####.## .##
....g.#.>...#####.##..# #.##
#.....g.g........##.# .#.##
#.#.#...#####.#.#.#.#
#.#.##....Kg..####.##.##..##
##.#.##........g@g.........#
.##.#.###.##.#####.##.##...#
#.##.#.##.##.# ##.#.#.#..#
.#.##.#......# #.....##..#
#.#.##....#..# #.##.###..#
##.#.##...#.## #.#### #..#
.##.#.#####.# #.# ##..#
##.#.##.....# #.# ##...##
#.#.##....#.# #.# #.....#


You could see 3 gnolls and a kobold.

Vanquished Creatures
  An iguana (D:2)
  An adder (D:2)
  2 worms (D:2)
  A dart slug (D:2)
  3 endoplasms (D:1)
  4 giant cockroaches
  4 goblins
  4 hobgoblins
  3 jackals (D:1)
  4 kobolds (D:1)
  A quokka (D:1)
  A ball python (D:1)
  3 bats
  3 frilled lizards
  4 rats
39 creatures vanquished.

Notes
Turn   | Place    | Note
-------+----------+-------------------------------------------
     0 | D:1      | Peloso the Minotaur Fighter began the quest for the Orb.
     0 | D:1      | Reached XP level 1. HP: 19/19 MP: 0/0
   467 | D:1      | Found a faded altar of an unknown god.
   469 | D:1      | Reached XP level 2. HP: 27/27 MP: 1/1
   947 | D:1      | Got the Reference Book on Floating Calling
  1181 | D:2      | Reached XP level 3. HP: 26/33 MP: 2/2
  1639 | D:2      | Found a broken altar of Ashenzari.
  1644 | D:2      | Reached XP level 4. HP: 33/40 MP: 3/3
  2190 | D:2      | Slain by a gnoll

Illustrated notes

Levels and vault maps discovered:
D:1:      elethiomel_arrival_quiet, layout_loops_ring,
          hellmonk_ecumenical_altar_run_dry
D:2:      minmay_inner_zag, layout_loops_ring, basic_altar

Skill      XL: |  1  2 |
---------------+-------+-----
Shields        | 4 |  4.4
Fighting       | 4 |  4.1
Long Blades    | 3 |  3.7
Armour         | 4 |  4.2
Dodging        | |  0.2
Stealth        | |  0.1

Action                   |  1- 3 |  4- 6 || total
-------------------------+-------+-------++-------
Melee: Long sword        |    75 |    22 ||    97
       Headbutt          |     5 |     2 ||     7
  Use: Potion            |       |     1 ||     1
Armor: Scale mail        |    36 |       ||    36
       Plate armour      |       |    19 ||    19
Dodge: Dodged            |    40 |     9 ||    49
Block: Buckler           |    21 |     5 ||    26
